 Dungeon Crawl Stone Soup version 0.29-a0-962-gc8bbfd0a37 (webtiles) character file.

Game seed: 1842157759835842345

2671 ragingrage the Cleaver (level 9, -17/49 HPs)
             Began as a Gargoyle Artificer on July 30, 2022.
             Was a Believer of Okawaru.
             Demolished by a two-headed ogre
             ... wielding a +0 giant spiked club
              (26 damage)
             ... on level 8 of the Dungeon.
             The game lasted 00:12:56 (9422 turns).

ragingrage the Cleaver (Gargoyle Artificer)         Turns: 9422, Time: 00:12:56

Health: -17/49     AC: 15    Str: 17 (18) XL:     9   Next: 63%
Magic:  8/9        EV: 10    Int: 14 (17) God:    Okawaru [**....]
Gold:   280        SH:  0    Dex:  7 (9)  Spells: 8/8 levels left

rFire   . . .      SeeInvis .   b - +0 dagger (venom)
rCold   . . .      Faith    .   (no shield)
rNeg    + + .      Spirit   .   G - +1 ring mail {rN+}
rPois   ∞          Reflect  .   E - +0 helmet
rElec   +          Harm     .   (no cloak)
rCorr   .          Rampage  .   (no gloves)
Will    .....                   A - +0 pair of boots
Stlth   +.........              (no amulet)
HPRegen 0.96/turn               (no ring)
MPRegen 0.11/turn               (no ring)

@: no status effects
A: sickness immunity, AC +6, negative energy resistance 1, electricity
resistance, torment resistance 1, petrification resistance, talons 1, clever 1,
regeneration 1, evolution 1, no potion heal 1
a: Renounce Religion, Heroism


You were on level 8 of the Dungeon.
You worshipped Okawaru.
Okawaru was pleased with you.
You visited 2 branches of the dungeon, and saw 9 of its levels.

You collected 280 gold pieces.

Inventory:

Hand Weapons
 a - the +6 rapier of the Depths {pain, *Slow rN+ rCorr Dex+7}
   (You found it on level 3 of the Dungeon)

   In the hands of one skilled in necromantic magic, it inflicts extra damage on
   living creatures.
   Dex:       It affects your dexterity (+7).
   rN:        It protects you from negative energy.
   rCorr:     It protects you from acid and corrosion.
   *Slow:     It may slow you when you take damage.
 b - a +0 dagger of venom (weapon)
 i - a +4 dagger
 F - a +0 war axe
Missiles
 f - 2 javelins
 v - 6 silver javelins
 D - 2 poisoned darts (quivered)
Armour
 A - a +0 pair of boots (worn)
 E - a +0 helmet (worn)
 G - a +1 ring mail of positive energy (worn)
Jewellery
 r - a +6 ring of intelligence
Wands
 c - a wand of flame (1)
 e - a wand of iceblast (9)
 y - a wand of mindburst (1)
Scrolls
 d - a scroll of poison {unknown}
 h - a scroll of summoning
 j - 2 scrolls of fear
 k - a scroll of torment {unknown}
 l - a scroll of noise {unknown}
 n - 2 scrolls of enchant armour
 o - a scroll of butterflies {unknown}
 p - a scroll of silence {unknown}
 q - 4 scrolls of magic mapping
 u - a scroll of teleportation
 w - 3 scrolls of enchant weapon
 z - 2 scrolls of blinking
 C - a scroll of immolation
Potions
 g - a potion of flight {unknown}
 m - 2 potions of berserk rage
 t - a potion of mutation
 x - 3 potions of brilliance


   Skills:
 - Level 2.5 Fighting
 + Level 8.8 Axes
 - Level 2.2 Armour
 - Level 0.7 Dodging
 - Level 1.1 Stealth
 - Level 8.0 Evocations


You had 8 spell levels left.
You didn't know any spells.
Your spell library contained the following spells:

 Spells                   Type           Power      Damage    Failure   Level
 Apportation              Tloc           0%         N/A       45%         1
 Necrotise                Necr           0%         1d4       45%         1
 Sandblast                Erth           0%         2d4       45%         1
 Blink                    Tloc           0%         N/A       61%         2
 Passwall                 Tmut/Erth      0%         N/A       61%         2
 Gell's Gravitas          Tloc           0%         N/A       83%         3
 Lesser Beckoning         Tloc           0%         N/A       83%         3
 Stone Arrow              Conj/Erth      0%         3d7       83%         3
 Teleport Other           Tloc           0%         N/A       83%         3
 Anguish                  Hex/Necr       0%         N/A       99%         4
 Manifold Assault         Tloc           0%         N/A       100%        5
 Dispersal                Tloc           0%         N/A       100%        6
 Enfeeble                 Hex            0%         N/A       100%        7
 Summon Small Mammal      Summ           Unusable   N/A       N/A         1

Dungeon Overview and Level Annotations

Branches:
Dungeon (8/15)             Temple (1/1) D:4
   Lair: D:8-11

Altars:
Ashenzari
Cheibriados
Dithmenos
Elyvilon
Fedhas
Gozag
Hepliaklqana
Kikubaaqudgha
Makhleb
Nemelex Xobeh
Okawaru
Qazlal
Sif Muna
Uskayaw
Vehumet
Wu Jian
Xom
Yredelemnul
Zin
The Shining One

Shops:
D:3 !

Annotations:
D:4 exclusion: upstairs


Innate Abilities, Weirdness & Mutations

You are immune to sickness and miasma.
Your stone body is resilient. (AC +6)
You are immune to poison.
You resist negative energy. (rN+)
You are resistant to electric shocks. (rElec)
You are resistant to unholy torment.
You are immune to petrification.
You have sharp toenails.
Your mind is acute. (Int +4, Str/Dex -1)
Your natural rate of healing is unusually fast.
You have hidden genetic potential.
Potions are less effective at restoring your health.


Message History

The centaur is lightly wounded.
The centaur shoots an arrow.
The arrow hits you.
A white imp comes into view.
The white imp shouts!
The centaur unwields a +0 shortbow.
The centaur misses you.
The centaur kicks you but does no damage.
The centaur barely misses you.
The centaur kicks you but does no damage.
You hit the centaur.
The centaur is moderately wounded.
The centaur hits you but does no damage.
The centaur kicks you but does no damage.
You barely miss the centaur.
The centaur is moderately wounded.
You hit the two-headed ogre but do no damage.
The two-headed ogre is poisoned.
You punch the two-headed ogre.
The two-headed ogre is heavily wounded.
You closely miss the two-headed ogre.
The two-headed ogre is severely wounded.
The two-headed ogre hits you with a +0 giant spiked club!
The two-headed ogre hits you with a +0 giant club!
You hit the two-headed ogre but do no damage.
The two-headed ogre is severely wounded.
You hit the two-headed ogre but do no damage.
The two-headed ogre is severely wounded.
The two-headed ogre hits you with a +0 giant spiked club!
* * * LOW HITPOINT WARNING * * *
The two-headed ogre closely misses you.
Okay, then.
Found a scroll of amnesia.
You feel like a meek peon again.
Aiming: Throw Flame
Press: ? - help, Shift-Dir - straight line, f/p - two-headed ogre
Aim: a two-headed ogre, wielding a +0 giant spiked club and a +0 giant club (severely wounded, poisoned, 89% to hit)
The puff of flame hits the two-headed ogre.
The two-headed ogre is severely wounded.
The two-headed ogre attacks as you move away!
The two-headed ogre hits you with a +0 giant spiked club!!
Ouch! That really hurt!
You die...

##.. #.# .... #.# .
..... #.# .. .....
#.###. . ...... #....
..# ..?...# #..##..<#
#......####........
#......@Oc(5.### ##
######.####....####
...
........##....##....
#....###..#####.<.....
#.... #... ####....
#.... ##c. ... #?...
.... .. #.... ...# .
..


You could see a two-headed ogre (poisoned), a centaur (very poisoned) and a
white imp.

Vanquished Creatures
  Joseph (D:7)
  A steam dragon (D:7)
  Duvessa (D:7)
  2 ice beasts
  A black bear (D:5)
  A centaur (D:7)
  2 kobold brigands
  A phantom (D:6)
  A bullfrog (D:7)
  3 scorpions
  4 necrophages
  Dowan (D:7)
  5 killer bees (D:7)
  A hound (D:5)
  A jelly (D:7)
  4 orc priests
  Jessica (D:3)
  6 iguanas
  Natasha (thrice) (D:3)
  An orc wizard (D:6)
  Robin (D:3)
  13 adders
  3 river rats (D:5)
  3 shadow imps
  2 ufetubi
  2 worms (D:5)
  21 orcs
  3 ball pythons
  7 bats
  4 endoplasms (D:1)
  2 giant cockroaches
  15 goblins
  6 hobgoblins
  2 jackals (D:2)
  2 quokkas
  5 frilled lizards
  13 kobolds
  9 rats
154 creatures vanquished.

Vanquished Creatures (collateral kills)
  A jelly (D:5)
  An adder (D:5)
2 creatures vanquished.

Vanquished Creatures (others)
  A scorpion (D:6)
1 creature vanquished.

Grand Total: 157 creatures vanquished

Notes
Turn   | Place    | Note
-------+----------+-------------------------------------------
     0 | D:1      | ragingrage the Gargoyle Artificer began the quest for the
                  | Orb.
     0 | D:1      | Reached XP level 1. HP: 12/12 MP: 1/1
   198 | D:1      | Reached XP level 2. HP: 12/17 MP: 2/2
  1539 | D:2      | Reached XP level 3. HP: 20/22 MP: 3/3
  1589 | D:2      | Found a shimmering altar of Xom.
  1747 | D:2      | Reached skill level 1 in Axes
  1747 | D:2      | Reached XP level 4. HP: 12/27 MP: 4/4
  2342 | D:2      | Found a faded altar of an unknown god.
  2511 | D:3      | Noticed Jessica
  2530 | D:3      | Killed Jessica
  2531 | D:3      | Reached XP level 5. HP: 31/31 MP: 5/5
  2539 | D:3      | Found Gueniog's Distillery.
  2597 | D:3      | Identified the +6 rapier of the Depths {pain, *Slow rN+
                  | rCorr Dex+7}
  2616 | D:3      | You fall into a shaft and drop 3 floors!
  2854 | D:5      | Entered Level 5 of the Dungeon
  2870 | D:5      | HP: 1/31 [iguana (6)]
  2873 | D:5      | Gained mutation: Your spells are a little harder to cast,
                  | but a little more powerful. [potion of mutation]
  2873 | D:5      | Gained mutation: You are weak. (Str -2) [potion of
                  | mutation]
  2873 | D:5      | Gained mutation: Your mind is acute. (Int +4, Str/Dex -1)
                  | [potion of mutation]
  2876 | D:5      | Found a sparkling altar of Nemelex Xobeh.
  2890 | D:5      | Noticed an ice beast
  2944 | D:5      | Noticed a black bear
  2967 | D:6      | Noticed a phantom
  2989 | D:6      | Killed a phantom
  2990 | D:6      | Reached XP level 6. HP: 26/36 MP: 6/6
  3318 | D:6      | Noticed an ice beast
  3333 | D:6      | Killed an ice beast
  3334 | D:6      | Reached skill level 5 in Evocations
  3611 | D:5      | Found a shimmering blue altar of Sif Muna.
  3611 | D:5      | Found an iron altar of Okawaru.
  3623 | D:5      | Reached XP level 7. HP: 40/40 MP: 7/7
  4106 | D:4      | Found a staircase to the Ecumenical Temple.
  4122 | Temple   | Entered the Ecumenical Temple
  4233 | D:5      | Became a worshipper of Warmaster Okawaru
  4407 | D:5      | HP: 2/60 [kobold brigand/+0 whip (6)]
  4409 | D:5      | Reached skill level 5 in Axes
  4409 | D:5      | Reached XP level 8. HP: 2/45 MP: 8/8
  4775 | D:4      | Found a shimmering altar of Xom.
  5098 | D:4      | Found a glowing golden altar of the Shining One.
  5410 | D:4      | Found a hide-covered altar of Uskayaw.
  5626 | D:3      | Noticed Robin
  5771 | D:4      | Reached * piety under Okawaru
  5860 | D:3      | Killed Robin
  6488 | D:3      | Noticed Natasha
  6494 | D:3      | Killed Natasha
  6510 | D:3      | Noticed Natasha
  6518 | D:3      | Killed Natasha
  6538 | D:3      | Noticed Natasha
  6545 | D:3      | Killed Natasha
  7755 | D:7      | Lost mutation: You are weak. (Str -2) [potion of mutation]
  7755 | D:7      | Lost mutation: Your mind is acute. (Int +4, Str/Dex -1)
                  | [potion of mutation]
  7755 | D:7      | Lost mutation: Your spells are a little harder to cast, but
                  | a little more powerful. [potion of mutation]
  7755 | D:7      | Gained mutation: You have sharp toenails. [potion of
                  | mutation]
  7755 | D:7      | Gained mutation: Your mind is acute. (Int +4, Str/Dex -1)
                  | [potion of mutation]
  7755 | D:7      | Gained mutation: Potions are less effective at restoring
                  | your health. [potion of mutation]
  7755 | D:7      | Gained mutation: You have hidden genetic potential. [potion
                  | of mutation]
  7887 | D:7      | Noticed Joseph
  8142 | D:7      | Killed Joseph
  8142 | D:7      | Reached ** piety under Okawaru
  8143 | D:7      | Reached XP level 9. HP: 7/49 MP: 6/9
  8417 | D:7      | Upgraded the game from 0.29-a0-925-g0a7a3d12f8 to
                  | 0.29-a0-962-gc8bbfd0a37
  8927 | D:7      | Noticed Duvessa
  8936 | D:7      | Gained mutation: Your natural rate of healing is unusually
                  | fast. [hidden potential]
  8943 | D:7      | Noticed Dowan
  8946 | D:7      | Killed Duvessa
  8960 | D:7      | Killed Dowan
  9402 | D:8      | Noticed a two-headed ogre
  9422 | D:8      | Demolished by a two-headed ogre

Illustrated notes

Levels and vault maps discovered:
D:1:      psy_arrival_conway, layout_rooms
D:2:      layout_rooms, dilly_ecumenical_altar_fadedgnrine, basic_altar,
          minivault_5
D:3:      layout_basic, serial_shops, nicolae_lakefront_shop, uniq_jessica,
          uniq_robin, uniq_natasha
D:4:      layout_basic, mainiacjoe_overflow_brackets,
          mainiacjoe_overflow_catch_the_wave, minmay_temple_entry_tees
D:5:      layout_rooms, grunt_temple_overflow_open, lightli_sewer_entry_pipes
D:6:      layout_rooms, hangedman_decor_points
D:7:      layout_layer_cave, uniq_joseph, uniq_duvessa
D:8:      layout_rooms
Temple:   nicolae_temple_ecumenical_triangle

Skill      XL: |  1  2  3  4  5  6  7  8  9 |
---------------+----------------------------+-----
Evocations     | 3 4 5 6 8 |  8.0
Fighting       | 2 |  2.5
Axes           | 1 2 3 5 7 8 |  8.8
Armour         | |  2.2
Dodging        | |  0.7
Stealth        | |  1.1

Action                   |  1- 3 |  4- 6 |  7- 9 || total
-------------------------+-------+-------+-------++-------
Melee: Dagger            |    94 |   107 |   125 ||   326
       Club              |     4 |       |       ||     4
       Punch             |       |     1 |     9 ||    10
       Rapier            |       |     7 |   269 ||   276
Throw: Dart              |       |       |    10 ||    10
Invok: Heroism           |       |       |     3 ||     3
Evoke: Wand              |     4 |    14 |     8 ||    26
  Use: Potion            |       |     3 |     6 ||     9
       Scroll            |       |       |     9 ||     9
 Stab: Sleeping          |       |       |     2 ||     2
Armor: Leather armour    |    42 |    35 |   143 ||   220
       Animal skin       |       |       |    43 ||    43
       Ring mail         |       |       |    91 ||    91
Dodge: Dodged            |    52 |    68 |   252 ||   372

Table legend: (Time is in decaauts)
 A = Elapsed time spent in this place.
 B = Non-inter-level travel time spent in this place.
 C = Inter-level travel time spent in this place.
 D = Time resting spent in this place.
 E = Time spent auto-exploring this place.
 F = Levels seen in this place.
 G = Mean time per level.
                   A        B        C        D        E       F      G
               +--------+--------+--------+--------+--------+-----+--------+
         Total |   9516 |   9109 |    407 |   2666 |   4744 |   9 | 1057.3 |
       Dungeon |   9468 |   9071 |    397 |   2666 |   4713 |   8 | 1183.5 |
        Temple |     47 |     37 |     10 |      0 |     31 |   1 |   47.0 |
               +--------+--------+--------+--------+--------+-----+--------+

Top non-repeatable levels by time:
     D:6: 1600 daAuts
     D:7: 1540 daAuts
     D:2: 1485 daAuts
     D:4: 1441 daAuts
     D:1: 1239 daAuts
     D:5: 1173 daAuts
     D:3: 959 daAuts
  Temple: 47 daAuts
     D:8: 27 daAuts
